 Dungeon Crawl Stone Soup version 0.31-a0-640-g39d97e502b (webtiles) character file.

Game seed: 13589160259572366032

340 inmateoo the Grasshopper (level 6, -20/51 HPs)
             Began as a Gnoll Warper on Aug 27, 2023.
             Was an Initiate of Cheibriados.
             Demolished by an ogre
             ... wielding a +0 giant spiked club
              (27 damage)
             ... on level 4 of the Dungeon.
             The game lasted 00:04:55 (3072 turns).

inmateoo the Grasshopper (Gnoll Warper)             Turns: 3072, Time: 00:04:55

Health: -20/51     AC:  3    Str: 12    XL:     6   Next: 56%
Magic:  14/14      EV: 13    Int: 15    God:    Cheibriados [......]
Gold:   160        SH:  0    Dex: 12    Spells: 9/15 levels left

rFire   . .          .
                       - Unarmed
rCold   . . .        (no shield)
rNeg    . . .        a - +0 leather armour
rPois   .            (no helmet)
rElec   .            (no cloak)
rCorr   .            (no gloves)
SInv    .            (no boots)
Will    .....        (no amulet)
Stlth   ++           (no ring)
HPRegen 0.28/turn    (no ring)
MPRegen 0.14/turn

%: no passive effects
@: very slow
A: fangs 1, strong nose, distributed training
a: Renounce Religion


You were on level 4 of the Dungeon.
You worshipped Cheibriados.
Cheibriados was noncommittal.
You visited 2 branches of the dungeon, and saw 5 of its levels.

You collected 160 gold pieces.

Inventory:

Missiles
 c - 7 darts of dispersal
Armour
 a - a +0 leather armour (worn)
Jewellery
 f - a ring of fire
Talismans
 h - a maw talisman
Scrolls
 b - a scroll of blinking
 d - a scroll of fear
 e - a scroll of brand weapon {unknown}
 g - 2 scrolls of identify {unknown}
 i - a scroll of fog {unknown}
 j - a scroll of revelation {unknown}
 m - a scroll of teleportation {unknown}
 n - a scroll of poison {unknown}
 o - a scroll of vulnerability {unknown}
Potions
 l - a potion of degeneration {unknown}
 p - a potion of curing {unknown}


   Skills:
 + Level 5.0 Fighting
 + Level 2.0 Short Blades
 + Level 2.0 Long Blades
 + Level 2.0 Axes
 + Level 2.0 Maces & Flails
 + Level 2.0 Polearms
 + Level 2.0 Staves
 + Level 2.0 Ranged Weapons
 + Level 3.3 Throwing
 + Level 3.3 Armour
 + Level 5.0 Dodging
 + Level 2.0 Stealth
 + Level 2.0 Shields
 + Level 5.0 Unarmed Combat
 + Level 5.4 Spellcasting
 + Level 1.6 Conjurations
 + Level 1.6 Hexes
 + Level 1.6 Summonings
 + Level 1.6 Necromancy
 + Level 5.7 Translocations
 + Level 1.6 Transmutations
 + Level 1.6 Fire Magic
 + Level 1.6 Ice Magic
 + Level 1.6 Air Magic
 + Level 1.6 Earth Magic
 + Level 1.6 Poison Magic
 + Level 2.2 Invocations
 + Level 2.0 Evocations
 + Level 1.8 Shapeshifting


You had 9 spell levels left.
You knew the following spells:

 Your Spells              Type           Power      Damage    Failure   Level
a - Blink                 Tloc           42%        N/A       3%          2
b - Manifold Assault      Tloc           21%        N/A       19%         4

Your spell library contained the following spells:

 Spells                   Type           Power      Damage    Failure   Level
 Lesser Beckoning         Tloc           42%        N/A       3%          2
 Teleport Other           Tloc           21%        N/A       6%          3
 Shock                    Conj/Air       32%        1d5       11%         1
 Swiftness                Air            8%         N/A       30%         3
 Vhi's Electric Charge    Tloc/Air       30%        N/A       41%         4
 Airstrike                Air            4%         2d(1-17)  71%         4


Dungeon Overview and Level Annotations

Branches:
Dungeon (4/15)             Temple (1/1) D:4

Altars:
Ashenzari
Cheibriados
Dithmenos
Elyvilon
Fedhas
Hepliaklqana
Kikubaaqudgha
Makhleb
Nemelex Xobeh
Okawaru
Qazlal
Ru
Sif Muna
Trog
Uskayaw
Wu Jian
Xom
Yredelemnul
Zin
The Shining One


Innate Abilities, Weirdness & Mutations

You have very sharp teeth.
Your uncanny sense of smell can sniff out nearby items.
Your experience applies equally to all skills.


Message History

Cheibriados appreciates the change of pace.
You hit the orc.
The orc is moderately wounded.
The orc barely misses you.
You hit the orc.
You kill the orc!
Cheibriados appreciates the change of pace.
The goblin shoots a sling bullet.
The sling bullet barely misses you.
You swing at nothing.
The goblin shoots a sling bullet.
The sling bullet hits you.
You swing at nothing.
The goblin shoots a sling bullet.
The sling bullet barely misses you.
An endoplasm comes into view.
The goblin unwields a +0 sling.
The goblin wields a +0 dagger.
The goblin barely misses you.
Items here: )) [[ ††.
The endoplasm quivers.
You hit the goblin.
You kill the goblin!
Cheibriados appreciates the change of pace.
Things that are here:
a +0 dagger; a +0 sling; a goblin corpse The endoplasm hits you.
You hit the endoplasm.
You bite the endoplasm, but do no damage.
The endoplasm is lightly wounded.
The endoplasm hits you but does no damage.
An ogre comes into view. It is wielding a +0 giant spiked club.
The ogre shouts!
You punch the endoplasm!
You kill the endoplasm!
Cheibriados appreciates the change of pace.
The ogre hits you with a +0 giant spiked club!!
Ouch! That really hurt!
* * * LOW HITPOINT WARNING * * *
You hit the ogre.
The ogre is lightly wounded.
The ogre hits you with a +0 giant spiked club!!
Ouch! That really hurt!
You die...

....### ...#
................ ....
................ ....
...#............ .###
##..#..........# ∆.#
##. #..........(##..#
. #..##..##.........
..##..(##.O........#!.
#>.......@............
#.......(............
#...........<###...
#..##.†.......# . ##
###)###...# #)#
#.......
###.###...#...
###'###...#....
##⌠.⌠###... ..#


You could see an ogre.

Vanquished Creatures
  A black bear (D:4)
  2 jellies
  An orc wizard (D:2)
  A hound zombie (D:3)
  4 gnolls
  3 adders
  2 worms
  7 orcs
  6 endoplasms
  2 giant cockroaches
  5 goblins
  8 hobgoblins
  12 jackals
  3 kobolds (D:1)
  4 quokkas
  2 ball pythons (D:1)
  A ball python zombie (D:3)
  5 bats
  A giant cockroach zombie (D:3)
  5 rats
75 creatures vanquished.

Notes
Turn   | Place    | Note
-------+----------+-------------------------------------------
     0 | D:1      | inmateoo the Gnoll Warper began the quest for the Orb.
     0 | D:1      | Reached XP level 1. HP: 20/20 MP: 6/6
   140 | D:1      | Reached XP level 2. HP: 25/26 MP: 7/7
   373 | D:1      | Reached XP level 3. HP: 17/31 MP: 9/9
   433 | D:1      | Reached skill level 5 in Spellcasting
   948 | D:2      | Reached skill level 1 in Invocations
  1092 | D:2      | Reached skill level 1 in Short Blades
  1092 | D:2      | Reached skill level 1 in Long Blades
  1092 | D:2      | Reached skill level 1 in Axes
  1092 | D:2      | Reached skill level 1 in Maces & Flails
  1092 | D:2      | Reached skill level 1 in Polearms
  1092 | D:2      | Reached skill level 1 in Staves
  1092 | D:2      | Reached skill level 1 in Ranged Weapons
  1092 | D:2      | Reached skill level 1 in Stealth
  1092 | D:2      | Reached skill level 1 in Shields
  1092 | D:2      | Reached skill level 1 in Evocations
  1285 | D:2      | Reached XP level 4. HP: 34/38 MP: 11/11
  1288 | D:2      | Learned a level 2 spell: Blink
  1293 | D:2      | Learned a level 4 spell: Manifold Assault
  1547 | D:2      | Found a shimmering altar of Xom.
  1614 | D:2      | Found a faded altar of an unknown god.
  1730 | D:2      | Reached skill level 1 in Shapeshifting
  1835 | D:2      | Reached skill level 1 in Conjurations
  1835 | D:2      | Reached skill level 1 in Hexes
  1835 | D:2      | Reached skill level 1 in Summonings
  1835 | D:2      | Reached skill level 1 in Necromancy
  1835 | D:2      | Reached skill level 1 in Transmutations
  1835 | D:2      | Reached skill level 1 in Fire Magic
  1835 | D:2      | Reached skill level 1 in Ice Magic
  1835 | D:2      | Reached skill level 1 in Air Magic
  1835 | D:2      | Reached skill level 1 in Earth Magic
  1835 | D:2      | Reached skill level 1 in Poison Magic
  2102 | D:2      | Reached XP level 5. HP: 40/43 MP: 12/12
  2343 | D:3      | Found a stormy altar of Qazlal.
  2547 | D:3      | Found a burning altar of Makhleb.
  2637 | D:3      | Found a basalt altar of Yredelemnul.
  2863 | D:4      | Noticed a black bear
  2884 | D:4      | Reached XP level 6. HP: 50/50 MP: 13/13
  2897 | D:4      | Found a staircase to the Ecumenical Temple.
  2902 | Temple   | Entered the Ecumenical Temple
  2961 | Temple   | Became a worshipper of Cheibriados the Contemplative
  3047 | D:4      | Killed a black bear
  3048 | D:4      | Reached skill level 5 in Fighting
  3048 | D:4      | Reached skill level 5 in Dodging
  3048 | D:4      | Reached skill level 5 in Unarmed Combat
  3072 | D:4      | Demolished by an ogre

Illustrated notes

Levels and vault maps discovered:
D:1:      dpeg_arrival_round_b, layout_loops_cross, st_stairs_10,
          minmay_tetromino_l2
D:2:      layout_loops_corners, shapermc_ecumenical_altar_notcrosses,
          basic_altar, ebering_dispersal_statue_hall, minmay_misc_feat_square,
          minmay_diced_spiral
D:3:      layout_rooms, nicolae_yredelemnul_corpse_copse,
          general_overflow_altar, mainiacjoe_overflow_boulevard
D:4:      layout_cave_pools, temple_doors_ab, kennysheep_generic_room_8
Temple:   minmay_crystal_spiral_temple

Skill      XL: |  1  2  3  4  5  6 |
---------------+-------------------+-----
Spellcasting   | 5 |  5.4
Invocations    | 1 2 |  2.2
Short Blades   | 1 2 |  2.0
Long Blades    | 1 2 |  2.0
Axes           | 1 2 |  2.0
Maces & Flails | 1 2 |  2.0
Polearms       | 1 2 |  2.0
Staves         | 1 2 |  2.0
Ranged Weapons | 1 2 |  2.0
Stealth        | 1 2 |  2.0
Shields        | 1 2 |  2.0
Evocations     | 1 2 |  2.0
Shapeshifting  | 1 |  1.8
Conjurations   | 1 |  1.6
Hexes          | 1 |  1.6
Summonings     | 1 |  1.6
Necromancy     | 1 |  1.6
Transmutations | 1 |  1.6
Fire Magic     | 1 |  1.6
Ice Magic      | 1 |  1.6
Air Magic      | 1 |  1.6
Earth Magic    | 1 |  1.6
Poison Magic   | 1 |  1.6
Throwing       | 3 |  3.3
Armour         | 3 |  3.3
Fighting       | 5 |  5.0
Dodging        | 5 |  5.0
Unarmed Combat | 5 |  5.0
Translocations | |  5.7

Action                     |  1- 3 |  4- 6 || total
---------------------------+-------+-------++-------
  Melee: Unarmed           |   118 |   140 ||   258
         Bite              |     7 |    14 ||    21
         Punch             |     1 |     2 ||     3
  Throw: Dart              |     2 |     1 ||     3
         Javelin           |       |     6 ||     6
   Cast: Manifold Assault  |       |     2 ||     2
         Blink             |       |     1 ||     1
    Use: Potion            |       |     1 ||     1
         Scroll            |       |     1 ||     1
 Armour: Leather armour    |    27 |    46 ||    73
  Dodge: Dodged            |    71 |   116 ||   187

Table legend: (Time is in decaauts)
 A = Elapsed time spent in this place.
 B = Non-inter-level travel time spent in this place.
 C = Inter-level travel time spent in this place.
 D = Time resting spent in this place.
 E = Time spent auto-exploring this place.
 F = Levels seen in this place.
 G = Mean time per level.
                   A        B        C        D        E       F      G
               +--------+--------+--------+--------+--------+-----+--------+
         Total |   3079 |   2894 |    185 |    536 |   1558 |   5 |  615.8 |
       Dungeon |   2945 |   2892 |     53 |    536 |   1558 |   4 |  736.2 |
        Temple |    134 |      3 |    131 |      0 |      0 |   1 |  134.0 |
               +--------+--------+--------+--------+--------+-----+--------+

Top non-repeatable levels by time:
     D:2: 1229 daAuts
     D:1: 825 daAuts
     D:3: 804 daAuts
  Temple: 134 daAuts
     D:4: 85 daAuts
